Map: [ESL] Stargazers

Players

Ranger

  • Race: Protoss Protoss
  • Spawn Location: 1:00

Probe - Winner!

  • Race: Protoss Protoss
  • Spawn Location: 11:00

Event: DreamHack SC2 Masters 2022 Atlanta (Online)

VOD

Have the link to the VOD?

Description

Time

  • Played on: Oct. 2, 2022, 4:09 a.m.
  • Length: 8:26

All games in this series

Show
View Real Time Build Order
Export as new Build Order

Ranger Protoss 

Build Orders: Blink Stalkers 

Get SALT Encoding   

  12  0:00  Probe  
  13  0:12  Probe  
  14  0:18  Pylon  
  14  0:24  Probe (Chrono Boost)  
  15  0:36  Probe (Chrono Boost)  
  15  0:37  Gateway  
  16  0:45  Probe (Chrono Boost)  
  16  0:46  Assimilator  
  17  0:51  Probe  
  17  0:55  Assimilator  
  18  1:03  Probe (Chrono Boost)  
  19  1:09  Gateway  
  19  1:14  Probe (Chrono Boost)  
  20  1:19  Probe (Chrono Boost)  
  20  1:25  Cybernetics Core  
  21  1:30  Probe  
  22  1:36  Pylon  
  22  1:42  Probe  
  23  1:54  Probe  
  24  2:02  Robotics Facility  
  24  2:06  Pylon  
  25  2:11  Warp Gate  
  24  2:16  Stalker  
  24  2:20  Stalker  
  28  2:44  Twilight Council  
  28  2:51  Observer (Chrono Boost)  
  28  2:53  Probe  
  29  3:02  Stalker  
  31  3:11  Nexus  
  31  3:14  Shield Battery  
  31  3:23  Blink (Chrono Boost)  
  31  3:34  Gateway  
  31  3:50  Pylon  
  31  3:51  Pylon  
  31  3:54  Gateway  
  31  4:08  Stalker  
  31  4:09  Pylon  
  33  4:15  Stalker  
  35  4:32  Stalker  
  37  4:42  Stalker  
  38  4:49  Stalker x2  
  41  5:02  Stalker  
  43  5:09  Stalker  
  45  5:17  Pylon  
  45  5:22  Stalker  
  47  5:36  Stalker x3  
  47  5:38  Pylon  
  53  5:47  Stalker  
  47  6:06  Stalker x2  
  47  6:08  Stalker  
  51  6:13  Observer  
  51  6:24  Stalker  
  51  6:30  Stalker  
  52  6:38  Stalker  
  50  6:58  Stalker  
  50  6:59  Zealot x2  
  50  7:05  Stalker  
  52  7:13  Observer  
  40  7:23  Stalker x2  
  40  7:24  Zealot  
  44  7:31  Stalker  
  38  7:51  Stalker  
  38  7:52  Zealot x2  
  42  8:00  Stalker  
  44  8:16  Stalker, Pylon  
Show
View Real Time Build Order
Export as new Build Order

Probe Protoss - Winner!

Build Orders: Oracle Opening 

Get SALT Encoding   

  12  0:00  Probe  
  13  0:12  Probe  
  14  0:17  Pylon  
  14  0:24  Probe (Chrono Boost)  
  15  0:36  Probe (Chrono Boost)  
  15  0:37  Gateway  
  16  0:43  Assimilator  
  16  0:45  Probe (Chrono Boost)  
  17  0:54  Probe  
  17  0:56  Assimilator  
  18  1:06  Probe (Chrono Boost)  
  18  1:11  Gateway  
  19  1:16  Probe (Chrono Boost)  
  20  1:21  Probe (Chrono Boost)  
  21  1:28  Cybernetics Core  
  21  1:33  Probe  
  21  1:38  Pylon  
  22  1:45  Probe  
  23  1:57  Probe  
  24  2:05  Warp Gate, Stalker x2  
  28  2:09  Probe  
  29  2:21  Pylon  
  29  2:22  Probe  
  30  2:34  Probe  
  31  2:39  Stalker x2  
  35  2:48  Stargate  
  35  3:03  Pylon  
  35  3:10  Stalker x2  
  35  3:12  Shield Battery  
  38  3:33  Oracle (Chrono Boost)  
  41  3:45  Nexus  
  41  3:56  Adept  
  41  3:57  Adept  
  45  4:08  Twilight Council  
  45  4:12  Shield Battery  
  45  4:14  Probe  
  46  4:27  Probe  
  47  4:37  Blink (Chrono Boost)  
  47  4:43  Probe  
  46  4:46  Pylon  
  46  4:52  Gateway  
  44  5:00  Stalker x2  
  44  5:06  Shield Battery  
  48  5:13  Probe  
  49  5:16  Probe  
  50  5:25  Stalker x2  
  50  5:28  Probe  
  50  5:32  Shield Battery  
  50  5:35  Probe  
  52  5:43  Probe  
  52  5:47  Probe, Stalker  
  56  5:56  Stalker  
  56  5:57  Stalker  
  60  5:59  Probe  
  60  6:03  Probe  
  60  6:11  Probe  
  61  6:14  Stalker  
  63  6:18  Probe  
  63  6:24  Stalker x2  
  64  6:26  Probe  
  64  6:30  Probe  
  66  6:39  Probe  
  64  6:40  Robotics Facility, Stalker  
  64  6:43  Probe  
  64  6:44  Assimilator  
  67  6:53  Stalker x2  
  59  7:03  Gateway  
  59  7:06  Stalker  
  55  7:18  Stalker x2  
  55  7:22  Probe x2  
  56  7:30  Stalker  
  58  7:48  Zealot x2, Immortal (Chrono Boost)  
  58  7:53  Probe  
  57  7:58  Stalker  
  57  7:59  Probe  
  57  8:04  Zealot  
  57  8:05  Probe  
  63  8:11  Probe  
  64  8:16  Pylon  
  64  8:18  Stalker  
Tags
 
Add a new tag
Caveats
  • Supply blocks, unpowered buildings, or Contaminate may cause inaccurate times.
  • Supply counts are checked every 10 seconds.